Comets vs Eagles
Created - July 28, 2022 at 21:55
Goals
|
| Comets |
2 |
1 |
2 |
5 |
| Eagles |
1 |
1 |
0 |
2 |
|
Shots
|
| Comets |
10 |
13 |
11 |
34 |
| Eagles |
17 |
13 |
10 |
40 |
|
1st period
1. Comets , Taylor Beck 6 (Juuso Riikola 4, Dennis Everberg 12) at 4:37
2. Comets , Dennis Everberg 13 (Taylor Beck 11, Phil Di Giuseppe 7) at 9:33
3. Eagles , Daniel Carr 6 (Jonathan Marchessault 11, Nick Cousins 19) at 16:44
Penalties :
No Penalty
2nd period
4. Comets , William Lagesson 1 (Mackenzie MacEachern 1, Axel Holmstrom 1) at 6:30
5. Eagles , Nick Cousins 8 (Connor Carrick 5, Jonathan Marchessault 12) at 10:28 (PP)
Penalties :
Sam Steel (Col) for Tripping (Minor) at 2:59, Mackenzie MacEachern (Uti) for Tripping (Minor) at 9:05, Sami Niku (Uti) for Hooking (Minor) at 15:35, Juuso Riikola (Uti) for Hooking (Minor) at 19:51
3rd period
6. Comets , Dennis Everberg 14 (Nathan Gerbe 16, Taylor Beck 12) at 7:19
7. Comets , Juho Lammikko 1 (Nicolas Petan 6, Oliver Kylington 6) at 15:29
Penalties :
Teemu Pulkkinen (Uti) for Hooking (Minor) at 0:58, Nick Cousins (Col) for Hooking (Minor) at 1:57
Goalie Stats
Alexandar Georgiev (Uti), 38 saves from 40 shots - (0.950), W, 4-1-0, 60:00 minutes
Marek Mazanek (Col), 29 saves from 34 shots - (0.853), L, 11-1-0, 60:00 minutes
Players Stats for Comets
Player Name G A P +/- PIM S H SB GA TA FO MP PP MP PK MP
------------------------------------------------------------------------------------
Andrej Nestrasil 0 0 0 0 0 2 0 0 1 0 9/12 15:02 1:12 0:00
Anton Karlsson 0 0 0 0 0 0 0 0 0 0 0/1 1:16 0:00 1:15
Axel Holmstrom 0 1 1 1 0 2 1 0 0 0 3/3 9:16 0:00 0:00
Dan Renouf 0 0 0 0 0 0 1 1 1 1 0/0 21:01 1:18 2:21
Dennis Everberg 2 1 3 2 0 4 3 1 1 0 0/1 21:02 1:45 2:34
Jordan Gross 0 0 0 3 0 0 0 0 0 1 0/0 14:54 0:00 2:00
Joshua Leivo 0 0 0 0 0 2 1 0 0 0 0/1 15:02 1:12 0:00
Juho Lammikko 1 0 1 1 0 3 1 0 0 0 0/2 10:39 0:00 0:00
Juuso Riikola 0 1 1 1 2 3 0 1 0 1 0/0 24:45 1:40 1:47
Kurtis Macdermid 0 0 0 0 0 0 0 0 0 0 0/0 1:51 0:04 0:35
Mackenzie MacEachern 0 1 1 1 2 1 1 0 0 0 0/0 9:15 0:00 0:00
Nathan Gerbe 0 1 1 2 0 2 0 0 1 0 10/22 19:25 1:10 1:10
Nicolas Petan 0 1 1 1 0 1 0 1 0 0 2/3 10:39 0:00 0:00
Oliver Kylington 0 1 1 1 0 2 2 1 0 0 0/0 26:06 1:40 3:07
Oskar Steen 0 0 0 0 0 0 0 0 0 0 0/0 0:00 0:00 0:00
Phil Di Giuseppe 0 1 1 1 0 0 4 2 1 0 0/0 10:39 0:00 0:00
Rasmus Asplund 0 0 0 0 0 0 0 0 0 0 0/0 0:00 0:00 0:00
Sami Niku 0 0 0 0 2 1 0 2 0 1 0/0 20:24 1:18 1:45
Taylor Beck 1 2 3 2 0 6 0 0 3 0 7/12 21:38 1:45 3:16
Taylor Leier 0 0 0 0 0 0 0 0 0 0 0/0 0:00 0:00 0:00
Teemu Pulkkinen 0 0 0 0 2 2 2 1 0 0 0/1 16:44 1:45 1:09
Thomas DiPauli 0 0 0 0 0 0 0 0 0 0 0/0 0:00 0:00 0:00
Tyler Graovac 0 0 0 0 0 0 0 0 0 0 0/0 0:49 0:01 0:00
William Lagesson 1 0 1 3 0 1 0 0 0 0 0/0 12:53 0:00 0:00
William Lockwood 0 0 0 1 0 2 0 0 0 0 0/0 9:16 0:00 0:00
Players Stats for Eagles
Player Name G A P +/- PIM S H SB GA TA FO MP PP MP PK MP
------------------------------------------------------------------------------------
Anthony Duclair 0 0 0 -2 0 1 0 0 0 0 0/1 12:54 0:00 0:50
Connor Carrick 0 1 1 -1 0 1 0 2 0 1 0/0 18:50 1:39 1:19
Daniel Carr 1 0 1 -1 0 8 4 2 0 0 1/6 21:49 3:34 1:42
Drake Caggiula 0 0 0 -1 0 3 3 0 0 0 3/9 16:03 1:54 0:00
Jarred Tinordi 0 0 0 -2 0 1 1 3 0 1 0/0 29:34 3:49 1:39
John Ramage 0 0 0 -1 0 2 2 3 0 1 0/0 18:31 1:39 1:19
Jonathan Marchessault 0 2 2 -1 0 5 1 0 1 1 20/30 20:11 3:34 0:26
Jonathan Racine 0 0 0 -1 0 0 1 0 0 1 0/0 11:36 0:00 0:00
Joseph Blandisi 0 0 0 -2 0 3 0 0 0 0 0/0 12:54 0:00 0:50
Keaton Middleton 0 0 0 -1 0 0 0 0 0 1 0/0 5:12 0:00 0:00
Matteson Iacopelli 0 0 0 -1 0 4 1 0 0 0 0/1 16:03 1:54 0:00
Nick Cousins 1 1 2 -1 2 4 1 0 2 0 0/0 20:01 3:33 0:26
Pius Suter 0 0 0 0 0 2 1 0 1 0 1/2 8:19 0:00 0:00
Ryan Murphy 0 0 0 -1 0 1 1 5 0 1 0/0 24:41 3:49 1:39
Sam Steel 0 0 0 0 2 0 1 0 0 1 0/0 8:22 0:00 0:00
Tomas Tatar 0 0 0 -1 0 1 1 0 0 0 0/0 18:36 1:54 1:42
Tyler Motte 0 0 0 0 0 1 0 0 0 0 0/0 8:44 0:00 0:00
Xavier Ouellet 0 0 0 -1 0 0 0 0 0 0 0/0 11:36 0:00 0:00
Zach Aston-Reese 0 0 0 -2 0 3 0 0 0 0 2/9 12:04 0:00 0:00
3 Stars
1 - Dennis Everberg (Uti)
2 - Taylor Beck (Uti)
3 - Alexandar Georgiev (Uti)
Power Play
Comets - 0 on 2 Attempt(s) - 0.00%
Eagles - 1 on 4 Attempt(s) - 25.00%
Penalty Kill
Comets - 3 on 4 Attempt(s) - 75.00%
- Score 0 goal in Penalty Kill
Eagles - 2 on 2 Attempt(s) - 100.00%
- Score 0 goal in Penalty Kill
Team Stat
Comets - Hits : 16 - Faceoff Wins : 31 - Blocked Shots : 10 - Penalty Minutes : 8
Eagles - Hits : 18 - Faceoff Wins : 27 - Blocked Shots : 15 - Penalty Minutes : 4
Official
Referees : Mitch Dunning and Ian Walsh
Linesman : Derek Amell and Kiel Murchison
Game Notes
No Game Note
Finance
Level 1 -- Attendance: 2000 (100.00%) -- Ticket Income $70,000
Level 2 -- Attendance: 1000 (100.00%) -- Ticket Income $15,000
Total Attendance: 3000 (100.00%)
Total Ticket Income: $85,000
Other Income: $4,250
Total Income: $89,250
Comets
5 vs 5 Forward
Center Left Wing Right Wing Time % Phy DF OF
1 Nathan Gerbe Taylor Beck Dennis Everberg 40 1 2 2
2 Andrej Nestrasil Teemu Pulkkinen Joshua Leivo 30 1 2 2
3 Nicolas Petan Phil Di Giuseppe Juho Lammikko 20 1 2 2
4 Axel Holmstrom Mackenzie MacEachern William Lockwood 10 1 2 2
5 vs 5 Defense
Defense Defense Time % Phy DF OF
1 Juuso Riikola Oliver Kylington 40 1 2 2
2 Dan Renouf Sami Niku 30 1 2 2
3 William Lagesson Jordan Gross 20 1 2 2
4 Juuso Riikola Oliver Kylington 10 1 2 2
PowerPlay Forward
Center Left Wing Right Wing Time % Phy DF OF
1 Nathan Gerbe Taylor Beck Dennis Everberg 60 1 2 2
2 Andrej Nestrasil Teemu Pulkkinen Joshua Leivo 40 1 2 2
PowerPlay Defense
Defense Defense Time % Phy DF OF
1 Juuso Riikola Oliver Kylington 60 1 2 2
2 Dan Renouf Sami Niku 40 1 2 2
Penalty Kill 4 Players Forward
Center Wing Time % Phy DF OF
1 Taylor Beck Dennis Everberg 60 1 2 2
2 Nathan Gerbe Teemu Pulkkinen 40 1 2 2
Penalty Kill 4 Players Defense
Defense Defense Time % Phy DF OF
1 Juuso Riikola Oliver Kylington 60 1 2 2
2 Dan Renouf Sami Niku 40 1 2 2
Penalty Kill - 3 Players Forward
Forward Time % Phy DF OF
1 Taylor Beck 60 1 2 2
2 Dennis Everberg 40 1 2 2
Penalty Kill - 3 Players Defense
Defense Defense Time % Phy DF OF
1 Juuso Riikola Oliver Kylington 60 1 2 2
2 Dan Renouf Sami Niku 40 1 2 2
4 vs 4 Forward
Center Wing Time % Phy DF OF
1 Taylor Beck Dennis Everberg 60 1 2 2
2 Nathan Gerbe Teemu Pulkkinen 40 1 2 2
4 vs 4 Defense
Defense Defense Time % Phy DF OF
1 Juuso Riikola Oliver Kylington 60 1 2 2
2 Dan Renouf Sami Niku 40 1 2 2
Last Minutes Offensive
Center Left Wing Right Wing Defense Defense
Nathan Gerbe Taylor Beck Dennis Everberg Juuso Riikola Oliver Kylington
Last Minutes Defensive
Center Left Wing Right Wing Defense Defense
Nathan Gerbe Taylor Beck Dennis Everberg Juuso Riikola Oliver Kylington
Goaltenders
Starting : Alexandar Georgiev
Backup : Thatcher Demko
Extra Forwards
Normal : Kurtis Macdermid, Tyler Graovac, Anton Karlsson - PP : Kurtis Macdermid, Tyler Graovac - PK : Anton Karlsson
Extra Defensemen
Normal : William Lagesson, Jordan Gross, Dan Renouf - PP : William Lagesson - PK : Jordan Gross, Dan Renouf
Penalty Shots
Taylor Beck, Dennis Everberg, Nathan Gerbe, Teemu Pulkkinen, Andrej Nestrasil
Scratches
Anton Zlobin (Bruised Right Leg Injury), Jeremy Roy (Healthy), Dmitry Sokolov (Healthy), Marek Langhamer (Healthy)
Eagles
5 vs 5 Forward
Center Left Wing Right Wing Time % Phy DF OF
1 Jonathan Marchessault Daniel Carr Nick Cousins 40 1 2 2
2 Drake Caggiula Tomas Tatar Matteson Iacopelli 30 1 2 2
3 Zach Aston-Reese Joseph Blandisi Anthony Duclair 20 1 2 2
4 Pius Suter Sam Steel Tyler Motte 10 1 2 2
5 vs 5 Defense
Defense Defense Time % Phy DF OF
1 Jarred Tinordi Ryan Murphy 40 1 2 2
2 John Ramage Connor Carrick 30 1 2 2
3 Jonathan Racine Xavier Ouellet 20 1 2 2
4 Keaton Middleton Jarred Tinordi 10 1 2 2
PowerPlay Forward
Center Left Wing Right Wing Time % Phy DF OF
1 Jonathan Marchessault Daniel Carr Nick Cousins 60 1 2 2
2 Drake Caggiula Tomas Tatar Matteson Iacopelli 40 1 2 2
PowerPlay Defense
Defense Defense Time % Phy DF OF
1 Jarred Tinordi Ryan Murphy 60 1 2 2
2 John Ramage Connor Carrick 40 1 2 2
Penalty Kill 4 Players Forward
Center Wing Time % Phy DF OF
1 Daniel Carr Tomas Tatar 60 1 2 2
2 Jonathan Marchessault Nick Cousins 40 1 2 2
Penalty Kill 4 Players Defense
Defense Defense Time % Phy DF OF
1 Jarred Tinordi Ryan Murphy 60 1 2 2
2 John Ramage Connor Carrick 40 1 2 2
Penalty Kill - 3 Players Forward
Forward Time % Phy DF OF
1 Daniel Carr 60 1 2 2
2 Tomas Tatar 40 1 2 2
Penalty Kill - 3 Players Defense
Defense Defense Time % Phy DF OF
1 Jarred Tinordi Ryan Murphy 60 1 2 2
2 John Ramage Connor Carrick 40 1 2 2
4 vs 4 Forward
Center Wing Time % Phy DF OF
1 Daniel Carr Tomas Tatar 60 1 2 2
2 Jonathan Marchessault Nick Cousins 40 1 2 2
4 vs 4 Defense
Defense Defense Time % Phy DF OF
1 Jarred Tinordi Ryan Murphy 60 1 2 2
2 John Ramage Connor Carrick 40 1 2 2
Last Minutes Offensive
Center Left Wing Right Wing Defense Defense
Jonathan Marchessault Daniel Carr Nick Cousins Jarred Tinordi Ryan Murphy
Last Minutes Defensive
Center Left Wing Right Wing Defense Defense
Jonathan Marchessault Daniel Carr Nick Cousins Jarred Tinordi Ryan Murphy
Goaltenders
Starting : Marek Mazanek
Backup : Adin Hill
Extra Forwards
Normal : Tyler Motte, Sam Steel, Joseph Blandisi - PP : Tyler Motte, Sam Steel - PK : Joseph Blandisi
Extra Defensemen
Normal : Jonathan Racine, Xavier Ouellet, Keaton Middleton - PP : Jonathan Racine - PK : Xavier Ouellet, Keaton Middleton
Penalty Shots
Daniel Carr, Tomas Tatar, Jonathan Marchessault, Nick Cousins, Joseph Blandisi
Scratches
Chris Calhan (Healthy), Dominik Kubalik (Healthy), Jared McCann (Right Ankle Injury), Mark Friedman (Healthy), Michael Dal Colle (Healthy)
Stefan Elliott (Healthy), Max Lajoie (Healthy), Pascal Laberge (Healthy), Antoine Bibeau (Healthy)
% Time on Ice - Comets
Lines # - Real PCT - Wanted PCT - Time Play
Normal Forward
1 - 33% - 40% - 16:49
2 - 27% - 30% - 13:50
3 - 21% - 20% - 10:39
4 - 18% - 10% - 9:16
Normal Defense
1 - 37% - 40% - 18:50
2 - 33% - 30% - 16:54
3 - 25% - 20% - 12:53
4 - 4% - 10% - 1:57
PP Forward
1 - 60% - 60% - 1:46
2 - 40% - 40% - 1:12
PP Defense
1 - 56% - 60% - 1:40
2 - 44% - 40% - 1:18
PK Forward
1 - 75% - 60% - 3:26
2 - 25% - 40% - 1:10
PK Defense
1 - 57% - 60% - 2:36
2 - 43% - 40% - 2:00
PK3 Forward
1 - 100% - 60% - 0:52
2 - 0% - 40% - 0:00
PK3 Defense
1 - 60% - 60% - 0:31
2 - 40% - 40% - 0:21
44 Forward
1 - 72% - 60% - 0:43
2 - 28% - 40% - 0:17
44 Defense
1 - 53% - 60% - 0:32
2 - 47% - 40% - 0:28
Last Minute Offensive - 0:00
Last Minute Defensive - 0:00
Total
Forward - 60:00
Defense - 60:00
|
% Time on Ice - Eagles
Lines # - Real PCT - Wanted PCT - Time Play
Normal Forward
1 - 32% - 40% - 15:58
2 - 28% - 30% - 14:13
3 - 24% - 20% - 12:04
4 - 16% - 10% - 8:19
Normal Defense
1 - 37% - 40% - 18:40
2 - 30% - 30% - 15:06
3 - 23% - 20% - 11:36
4 - 10% - 10% - 5:12
PP Forward
1 - 65% - 60% - 3:34
2 - 35% - 40% - 1:54
PP Defense
1 - 70% - 60% - 3:49
2 - 30% - 40% - 1:39
PK Forward
1 - 85% - 60% - 2:32
2 - 15% - 40% - 0:26
PK Defense
1 - 56% - 60% - 1:39
2 - 44% - 40% - 1:19
PK3 Forward
1 - 0% - 60%
2 - 0% - 40%
PK3 Defense
1 - 0% - 60%
2 - 0% - 40%
44 Forward
1 - 68% - 60% - 0:41
2 - 32% - 40% - 0:19
44 Defense
1 - 55% - 60% - 0:33
2 - 45% - 40% - 0:27
Last Minute Offensive - 0:00
Last Minute Defensive - 0:00
Total
Forward - 60:00
Defense - 60:00
|
Play-by-Play
1st period
0:01 of 1st period - Jonathan Marchessault wins face-off versus Nathan Gerbe in neutral zone.
0:13 of 1st period - Slapshot by Dennis Everberg.
0:13 of 1st period - Deflect By Taylor Beck.
0:13 of 1st period - Stopped by Marek Mazanek with a rebound.
0:50 of 1st period - Slapshot by Phil Di Giuseppe.
0:50 of 1st period - Shot Blocked by Connor Carrick.
1:24 of 1st period - Jonathan Racine is hit by Dennis Everberg.
2:10 of 1st period - Snap shot by Tomas Tatar.
2:10 of 1st period - Shot Blocked by Phil Di Giuseppe.
2:12 of 1st period - Backhand shot by Drake Caggiula.
2:12 of 1st period - Stopped by Alexandar Georgiev without a rebound.
2:13 of 1st period - Jonathan Marchessault wins face-off versus Juho Lammikko in Comets zone.
2:30 of 1st period - Snap shot by Nicolas Petan.
2:30 of 1st period - Shot Blocked by Ryan Murphy.
2:32 of 1st period - Wrist shot by Phil Di Giuseppe.
2:32 of 1st period - Shot Blocked by Ryan Murphy.
2:56 of 1st period - Snap shot by Jonathan Marchessault.
2:56 of 1st period - Shot Blocked by Phil Di Giuseppe.
3:15 of 1st period - Backhand shot by Jonathan Marchessault.
3:15 of 1st period - Stopped by Alexandar Georgiev with a rebound.
3:17 of 1st period - Slapshot by Ryan Murphy.
3:17 of 1st period - Shot Misses the Net.
3:21 of 1st period - Slapshot by Daniel Carr.
3:21 of 1st period - Shot Misses the Net.
3:23 of 1st period - Snap shot by Nick Cousins.
3:23 of 1st period - Deflect By Daniel Carr.
3:23 of 1st period - Shot Blocked by Nicolas Petan.
3:23 of 1st period - Puck is out of play.
3:24 of 1st period - Zach Aston-Reese wins face-off versus Nathan Gerbe in Comets zone.
3:39 of 1st period - Wrist shot by Anthony Duclair.
3:39 of 1st period - Deflect By Zach Aston-Reese.
3:39 of 1st period - Stopped by Alexandar Georgiev without a rebound.
3:40 of 1st period - Andrej Nestrasil wins face-off versus Drake Caggiula in Comets zone.
4:09 of 1st period - Nathan Gerbe is hit by John Ramage.
4:13 of 1st period - Wrist shot by Joseph Blandisi.
4:13 of 1st period - Stopped by Alexandar Georgiev with a rebound.
4:15 of 1st period - Slapshot by Connor Carrick.
4:15 of 1st period - Deflect By Nathan Gerbe.
4:15 of 1st period - Stopped by Alexandar Georgiev without a rebound.
4:16 of 1st period - Pius Suter wins face-off versus Teemu Pulkkinen in Comets zone.
4:17 of 1st period - Wrist shot by Sam Steel.
4:17 of 1st period - Shot Misses the Net.
4:27 of 1st period - Snap shot by Joshua Leivo.
4:27 of 1st period - Shot Misses the Net.
4:29 of 1st period - Wrist shot by Joshua Leivo.
4:29 of 1st period - Stopped by Marek Mazanek without a rebound.
4:30 of 1st period - Nathan Gerbe wins face-off versus Anthony Duclair in Eagles zone.
4:33 of 1st period - Wrist shot by Taylor Beck.
4:33 of 1st period - Stopped by Marek Mazanek with a rebound.
4:35 of 1st period - Wrist shot by Juuso Riikola.
4:35 of 1st period - Shot Blocked by Jarred Tinordi.
4:37 of 1st period - Wrist shot by Taylor Beck.
4:37 of 1st period - Goal by Taylor Beck - Comets : 1 - Eagles : 0.
4:38 of 1st period - Drake Caggiula wins face-off versus Nathan Gerbe in neutral zone.
4:41 of 1st period - Snap shot by Tomas Tatar.
4:41 of 1st period - Shot Misses the Net.
5:10 of 1st period - Snap shot by Nick Cousins.
5:10 of 1st period - Stopped by Alexandar Georgiev with a rebound.
5:52 of 1st period - Snap shot by Pius Suter.
5:52 of 1st period - Stopped by Alexandar Georgiev with a rebound.
5:54 of 1st period - Slapshot by John Ramage.
5:54 of 1st period - Deflect By Taylor Beck.
5:54 of 1st period - Stopped by Alexandar Georgiev with a rebound.
6:10 of 1st period - Slapshot by Daniel Carr.
6:10 of 1st period - Deflect By Jonathan Marchessault.
6:10 of 1st period - Stopped by Alexandar Georgiev with a rebound.
7:04 of 1st period - Snap shot by Anthony Duclair.
7:04 of 1st period - Deflect By Joseph Blandisi.
7:04 of 1st period - Shot Blocked by Oliver Kylington.
7:04 of 1st period - Puck is out of play.
7:05 of 1st period - Jonathan Marchessault wins face-off versus Nathan Gerbe in Comets zone.
7:18 of 1st period - Wrist shot by Jonathan Marchessault.
7:18 of 1st period - Shot Blocked by Dan Renouf.
7:56 of 1st period - Snap shot by Anthony Duclair.
7:56 of 1st period - Shot Blocked by Teemu Pulkkinen.
8:12 of 1st period - Slapshot by Andrej Nestrasil.
8:12 of 1st period - Shot Blocked by Connor Carrick.
8:14 of 1st period - Wrist shot by Teemu Pulkkinen.
8:14 of 1st period - Stopped by Marek Mazanek without a rebound.
8:15 of 1st period - Nathan Gerbe wins face-off versus Jonathan Marchessault in Eagles zone.
8:42 of 1st period - Oliver Kylington is hit by Ryan Murphy and loses puck.
9:31 of 1st period - Snap shot by Taylor Beck.
9:31 of 1st period - Shot Blocked by Daniel Carr.
9:33 of 1st period - Wrist shot by Dennis Everberg.
9:33 of 1st period - Goal by Dennis Everberg - Comets : 2 - Eagles : 0.
9:34 of 1st period - Nathan Gerbe wins face-off versus Jonathan Marchessault in neutral zone.
9:41 of 1st period - Jonathan Racine is hit by Oliver Kylington and loses puck.
10:23 of 1st period - Sam Steel is hit by Axel Holmstrom and loses puck.
10:32 of 1st period - Wrist shot by Pius Suter.
10:32 of 1st period - Stopped by Alexandar Georgiev with a rebound.
10:39 of 1st period - Icing by Dan Renouf.
10:40 of 1st period - Axel Holmstrom wins face-off versus Zach Aston-Reese in Comets zone.
10:51 of 1st period - Snap shot by Dennis Everberg.
10:51 of 1st period - Shot Misses the Net.
11:05 of 1st period - Oliver Kylington is hit by Daniel Carr and loses puck.
11:14 of 1st period - Snap shot by Andrej Nestrasil.
11:14 of 1st period - Shot Misses the Net.
12:51 of 1st period - Wrist shot by Tomas Tatar.
12:51 of 1st period - Shot Misses the Net.
12:53 of 1st period - Slapshot by Drake Caggiula.
12:53 of 1st period - Stopped by Alexandar Georgiev with a rebound.
12:55 of 1st period - Snap shot by Drake Caggiula.
12:55 of 1st period - Shot Misses the Net.
13:35 of 1st period - Snap shot by Zach Aston-Reese.
13:35 of 1st period - Stopped by Alexandar Georgiev with a rebound.
14:15 of 1st period - Icing by Tomas Tatar.
14:16 of 1st period - Nathan Gerbe wins face-off versus Drake Caggiula in Eagles zone.
16:12 of 1st period - Snap shot by Taylor Beck.
16:12 of 1st period - Stopped by Marek Mazanek with a rebound.
16:22 of 1st period - Snap shot by Taylor Beck.
16:22 of 1st period - Stopped by Marek Mazanek with a rebound.
16:24 of 1st period - Wrist shot by Nathan Gerbe.
16:24 of 1st period - Shot Blocked by Daniel Carr.
16:42 of 1st period - Slapshot by Jonathan Marchessault.
16:42 of 1st period - Shot Blocked by Dennis Everberg.
16:44 of 1st period - Snap shot by Jonathan Marchessault.
16:44 of 1st period - Deflect By Daniel Carr.
16:44 of 1st period - Goal by Daniel Carr - Comets : 2 - Eagles : 1.
16:45 of 1st period - Andrej Nestrasil wins face-off versus Drake Caggiula in neutral zone.
16:48 of 1st period - Snap shot by Andrej Nestrasil.
16:48 of 1st period - Shot Misses the Net.
16:50 of 1st period - Slapshot by Juuso Riikola.
16:50 of 1st period - Stopped by Marek Mazanek without a rebound.
16:51 of 1st period - Andrej Nestrasil wins face-off versus Drake Caggiula in Eagles zone.
17:19 of 1st period - Slapshot by Jonathan Marchessault.
17:19 of 1st period - Stopped by Alexandar Georgiev without a rebound.
17:20 of 1st period - Jonathan Marchessault wins face-off versus Nicolas Petan in Comets zone.
17:27 of 1st period - Slapshot by Daniel Carr.
17:27 of 1st period - Stopped by Alexandar Georgiev without a rebound.
17:28 of 1st period - Jonathan Marchessault wins face-off versus Nathan Gerbe in Comets zone.
18:19 of 1st period - Snap shot by Sam Steel.
18:19 of 1st period - Shot Misses the Net.
18:21 of 1st period - Slapshot by Sam Steel.
18:21 of 1st period - Shot Misses the Net.
18:47 of 1st period - Wrist shot by Axel Holmstrom.
18:47 of 1st period - Deflect By Tomas Tatar.
18:47 of 1st period - Stopped by Marek Mazanek without a rebound.
18:48 of 1st period - Jonathan Marchessault wins face-off versus Nathan Gerbe in Eagles zone.
18:48 of 1st period - Jonathan Marchessault is hit by Dennis Everberg.
18:58 of 1st period - Wrist shot by Nick Cousins.
18:58 of 1st period - Stopped by Alexandar Georgiev with a rebound.
19:00 of 1st period - Snap shot by Daniel Carr.
19:00 of 1st period - Stopped by Alexandar Georgiev without a rebound.
19:01 of 1st period - Nathan Gerbe wins face-off versus Jonathan Marchessault in Comets zone.
19:55 of 1st period - Snap shot by Nicolas Petan.
19:55 of 1st period - Shot Misses the Net.
Goals for this period are 2 for Comets vs 1 for Eagles.
Shots for this period are 10 for Comets vs 17 for Eagles.
2nd period
0:01 of 2nd period - Nathan Gerbe wins face-off versus Daniel Carr in neutral zone.
0:26 of 2nd period - Joshua Leivo is hit by Tomas Tatar and loses puck.
0:51 of 2nd period - Joseph Blandisi is hit by Oliver Kylington and loses puck.
1:00 of 2nd period - Connor Carrick is hit by Phil Di Giuseppe and loses puck.
1:21 of 2nd period - Snap shot by Tyler Motte.
1:21 of 2nd period - Shot Misses the Net.
1:23 of 2nd period - Slapshot by John Ramage.
1:23 of 2nd period - Stopped by Alexandar Georgiev without a rebound.
1:24 of 2nd period - Jonathan Marchessault wins face-off versus Nathan Gerbe in Comets zone.
1:29 of 2nd period - Snap shot by Nick Cousins.
1:29 of 2nd period - Stopped by Alexandar Georgiev with a rebound.
1:31 of 2nd period - Snap shot by Daniel Carr.
1:31 of 2nd period - Shot Blocked by Sami Niku.
1:33 of 2nd period - Wrist shot by Daniel Carr.
1:33 of 2nd period - Stopped by Alexandar Georgiev with a rebound.
1:35 of 2nd period - Wrist shot by Jonathan Marchessault.
1:35 of 2nd period - Stopped by Alexandar Georgiev without a rebound.
1:36 of 2nd period - Taylor Beck wins face-off versus Jonathan Marchessault in Comets zone.
2:07 of 2nd period - Snap shot by Andrej Nestrasil.
2:07 of 2nd period - Shot Misses the Net.
2:23 of 2nd period - Joseph Blandisi is hit by Juho Lammikko and loses puck.
2:44 of 2nd period - Oliver Kylington is hit by Jonathan Racine.
2:59 of 2nd period - Minor Penalty to Sam Steel for Tripping.
3:00 of 2nd period - Taylor Beck wins face-off versus Daniel Carr in Eagles zone.
3:05 of 2nd period - Snap shot by Nathan Gerbe.
3:05 of 2nd period - Deflect By Dennis Everberg.
3:05 of 2nd period - Deflect By Tomas Tatar.
3:05 of 2nd period - Shot Misses the Net.
3:05 of 2nd period - Puck is out of play.
3:06 of 2nd period - Nathan Gerbe wins face-off versus Daniel Carr in Eagles zone.
3:13 of 2nd period - Wrist shot by Dennis Everberg.
3:13 of 2nd period - Stopped by Marek Mazanek with a rebound.
3:15 of 2nd period - Snap shot by Taylor Beck.
3:15 of 2nd period - Stopped by Marek Mazanek without a rebound.
3:16 of 2nd period - Nathan Gerbe wins face-off versus Daniel Carr in Eagles zone.
3:21 of 2nd period - Slapshot by Taylor Beck.
3:21 of 2nd period - Shot Misses the Net.
3:33 of 2nd period - Nathan Gerbe is hit by Jarred Tinordi and loses puck.
3:54 of 2nd period - Jarred Tinordi is hit by Joshua Leivo and loses puck.
4:59 of 2nd period - Penalty to Sam Steel is over, Sam Steel is back on ice.
5:13 of 2nd period - Snap shot by Nicolas Petan.
5:13 of 2nd period - Shot Misses the Net.
5:51 of 2nd period - Nathan Gerbe is hit by Daniel Carr and loses puck.
6:22 of 2nd period - Slapshot by Mackenzie MacEachern.
6:22 of 2nd period - Deflect By Tomas Tatar.
6:22 of 2nd period - Shot Misses the Net.
6:22 of 2nd period - Puck is out of play.
6:23 of 2nd period - Axel Holmstrom wins face-off versus Drake Caggiula in Eagles zone.
6:30 of 2nd period - Slapshot by William Lagesson.
6:30 of 2nd period - Goal by William Lagesson - Comets : 3 - Eagles : 1.
6:31 of 2nd period - Taylor Beck wins face-off versus Jonathan Marchessault in neutral zone.
6:40 of 2nd period - Slapshot by Dennis Everberg.
6:40 of 2nd period - Shot Hit the Post.
6:42 of 2nd period - Slapshot by Oliver Kylington.
6:42 of 2nd period - Shot Misses the Net.
6:44 of 2nd period - Wrist shot by Nathan Gerbe.
6:44 of 2nd period - Stopped by Marek Mazanek with a rebound.
6:56 of 2nd period - Tomas Tatar is hit by Teemu Pulkkinen and loses puck.
7:14 of 2nd period - Icing by Juho Lammikko.
7:15 of 2nd period - Nicolas Petan wins face-off versus Zach Aston-Reese in Comets zone.
7:28 of 2nd period - Snap shot by Joseph Blandisi.
7:28 of 2nd period - Stopped by Alexandar Georgiev with a rebound.
7:41 of 2nd period - Off-side.
7:42 of 2nd period - Andrej Nestrasil wins face-off versus Jonathan Marchessault in neutral zone.
7:53 of 2nd period - Snap shot by Teemu Pulkkinen.
7:53 of 2nd period - Stopped by Marek Mazanek with a rebound.
8:29 of 2nd period - Snap shot by Juho Lammikko.
8:29 of 2nd period - Stopped by Marek Mazanek with a rebound.
8:31 of 2nd period - Snap shot by Juho Lammikko.
8:31 of 2nd period - Stopped by Marek Mazanek with a rebound.
8:33 of 2nd period - Slapshot by Oliver Kylington.
8:33 of 2nd period - Stopped by Marek Mazanek with a rebound.
8:35 of 2nd period - Snap shot by Oliver Kylington.
8:35 of 2nd period - Shot Misses the Net.
8:37 of 2nd period - Slapshot by Juuso Riikola.
8:37 of 2nd period - Stopped by Marek Mazanek with a rebound.
8:55 of 2nd period - Wrist shot by Tyler Motte.
8:55 of 2nd period - Stopped by Alexandar Georgiev with a rebound.
9:05 of 2nd period - Minor Penalty to Mackenzie MacEachern for Tripping.
9:06 of 2nd period - Taylor Beck wins face-off versus Jonathan Marchessault in Comets zone.
9:06 of 2nd period - Taylor Beck is hit by Nick Cousins.
9:58 of 2nd period - Nick Cousins is hit by Dan Renouf and loses puck.
10:26 of 2nd period - Slapshot by Connor Carrick.
10:26 of 2nd period - Shot Misses the Net.
10:28 of 2nd period - Snap shot by Nick Cousins.
10:28 of 2nd period - Goal by Nick Cousins - Comets : 3 - Eagles : 2.
10:29 of 2nd period - Drake Caggiula wins face-off versus Joshua Leivo in neutral zone.
11:07 of 2nd period - Slapshot by Taylor Beck.
11:07 of 2nd period - Shot Blocked by Ryan Murphy.
11:09 of 2nd period - Slapshot by Juuso Riikola.
11:09 of 2nd period - Stopped by Marek Mazanek without a rebound.
11:10 of 2nd period - Jonathan Marchessault wins face-off versus Taylor Beck in Eagles zone.
11:15 of 2nd period - Slapshot by Daniel Carr.
11:15 of 2nd period - Stopped by Alexandar Georgiev with a rebound.
11:58 of 2nd period - Slapshot by Jonathan Marchessault.
11:58 of 2nd period - Stopped by Alexandar Georgiev with a rebound.
12:24 of 2nd period - Wrist shot by Matteson Iacopelli.
12:24 of 2nd period - Stopped by Alexandar Georgiev with a rebound.
12:26 of 2nd period - Snap shot by Drake Caggiula.
12:26 of 2nd period - Shot Misses the Net.
13:10 of 2nd period - Xavier Ouellet is hit by Phil Di Giuseppe and loses puck.
13:22 of 2nd period - Off-side.
13:23 of 2nd period - Drake Caggiula wins face-off versus Andrej Nestrasil in neutral zone.
13:39 of 2nd period - Wrist shot by Joshua Leivo.
13:39 of 2nd period - Shot Misses the Net.
13:41 of 2nd period - Slapshot by Andrej Nestrasil.
13:41 of 2nd period - Deflect By Ryan Murphy.
13:41 of 2nd period - Stopped by Marek Mazanek without a rebound.
13:42 of 2nd period - Jonathan Marchessault wins face-off versus Nathan Gerbe in Eagles zone.
13:55 of 2nd period - Snap shot by Nathan Gerbe.
13:55 of 2nd period - Stopped by Marek Mazanek with a rebound.
14:03 of 2nd period - Oliver Kylington is hit by Daniel Carr and loses puck.
14:24 of 2nd period - Wrist shot by Andrej Nestrasil.
14:24 of 2nd period - Deflect By Joshua Leivo.
14:24 of 2nd period - Shot Blocked by John Ramage.
14:24 of 2nd period - Puck is out of play.
14:25 of 2nd period - Andrej Nestrasil wins face-off versus Zach Aston-Reese in Eagles zone.
14:26 of 2nd period - Slapshot by Teemu Pulkkinen.
14:26 of 2nd period - Shot Misses the Net.
14:28 of 2nd period - Backhand shot by Joshua Leivo.
14:28 of 2nd period - Deflect By Teemu Pulkkinen.
14:28 of 2nd period - Shot Blocked by Ryan Murphy.
14:28 of 2nd period - Puck is out of play.
14:29 of 2nd period - Zach Aston-Reese wins face-off versus Andrej Nestrasil in Eagles zone.
14:29 of 2nd period - Zach Aston-Reese is hit by Teemu Pulkkinen.
15:03 of 2nd period - Slapshot by Daniel Carr.
15:03 of 2nd period - Shot Blocked by Sami Niku.
15:05 of 2nd period - Snap shot by Jarred Tinordi.
15:05 of 2nd period - Stopped by Alexandar Georgiev with a rebound.
15:07 of 2nd period - Snap shot by Daniel Carr.
15:07 of 2nd period - Stopped by Alexandar Georgiev with a rebound.
15:35 of 2nd period - Minor Penalty to Sami Niku for Hooking.
15:36 of 2nd period - Jonathan Marchessault wins face-off versus Taylor Beck in Comets zone.
15:53 of 2nd period - Slapshot by Jarred Tinordi.
15:53 of 2nd period - Shot Blocked by Juuso Riikola.
15:55 of 2nd period - Wrist shot by Drake Caggiula.
15:55 of 2nd period - Shot Misses the Net.
15:57 of 2nd period - Snap shot by Matteson Iacopelli.
15:57 of 2nd period - Stopped by Alexandar Georgiev without a rebound.
15:58 of 2nd period - Jonathan Marchessault wins face-off versus Anton Karlsson in Comets zone.
17:35 of 2nd period - Penalty to Sami Niku is over, Sami Niku is back on ice.
17:47 of 2nd period - Off-side.
17:48 of 2nd period - Axel Holmstrom wins face-off versus Zach Aston-Reese in neutral zone.
18:15 of 2nd period - Off-side.
18:16 of 2nd period - Andrej Nestrasil wins face-off versus Pius Suter in neutral zone.
18:51 of 2nd period - Wrist shot by Nick Cousins.
18:51 of 2nd period - Shot Misses the Net.
19:03 of 2nd period - Wrist shot by Nicolas Petan.
19:03 of 2nd period - Stopped by Marek Mazanek without a rebound.
19:04 of 2nd period - Nicolas Petan wins face-off versus Drake Caggiula in Eagles zone.
19:17 of 2nd period - Snap shot by Nicolas Petan.
19:17 of 2nd period - Deflect By Juho Lammikko.
19:17 of 2nd period - Shot Misses the Net.
19:17 of 2nd period - Puck is out of play.
19:18 of 2nd period - Jonathan Marchessault wins face-off versus Nathan Gerbe in Eagles zone.
19:51 of 2nd period - Minor Penalty to Juuso Riikola for Hooking.
19:52 of 2nd period - Jonathan Marchessault wins face-off versus Taylor Beck in Comets zone.
Goals for this period are 1 for Comets vs 1 for Eagles.
Shots for this period are 13 for Comets vs 13 for Eagles.
3rd period
0:01 of 3rd period - Taylor Beck wins face-off versus Jonathan Marchessault in neutral zone.
0:40 of 3rd period - Snap shot by Drake Caggiula.
0:40 of 3rd period - Stopped by Alexandar Georgiev without a rebound.
0:41 of 3rd period - Jonathan Marchessault wins face-off versus Nathan Gerbe in Comets zone.
0:58 of 3rd period - Minor Penalty to Teemu Pulkkinen for Hooking.
0:59 of 3rd period - Jonathan Marchessault wins face-off versus Taylor Beck in Comets zone.
1:02 of 3rd period - Wrist shot by Daniel Carr.
1:02 of 3rd period - Stopped by Alexandar Georgiev with a rebound.
1:06 of 3rd period - Snap shot by Daniel Carr.
1:06 of 3rd period - Stopped by Alexandar Georgiev with a rebound.
1:51 of 3rd period - Penalty to Juuso Riikola is over, Juuso Riikola is back on ice.
1:57 of 3rd period - Minor Penalty to Nick Cousins for Hooking.
1:58 of 3rd period - Taylor Beck wins face-off versus Daniel Carr in Eagles zone.
1:59 of 3rd period - Snap shot by Dennis Everberg.
1:59 of 3rd period - Shot Blocked by John Ramage.
2:42 of 3rd period - Nathan Gerbe is hit by Jonathan Marchessault.
2:58 of 3rd period - Penalty to Teemu Pulkkinen is over, Teemu Pulkkinen is back on ice.
3:33 of 3rd period - Snap shot by Dennis Everberg.
3:33 of 3rd period - Stopped by Marek Mazanek without a rebound.
3:34 of 3rd period - Daniel Carr wins face-off versus Andrej Nestrasil in Eagles zone.
3:57 of 3rd period - Penalty to Nick Cousins is over, Nick Cousins is back on ice.
4:06 of 3rd period - Icing by Nathan Gerbe.
4:07 of 3rd period - Nathan Gerbe wins face-off versus Zach Aston-Reese in Comets zone.
4:12 of 3rd period - Snap shot by Oliver Kylington.
4:12 of 3rd period - Shot Misses the Net.
4:22 of 3rd period - Snap shot by Joseph Blandisi.
4:22 of 3rd period - Shot Misses the Net.
4:44 of 3rd period - Slapshot by Oliver Kylington.
4:44 of 3rd period - Stopped by Marek Mazanek without a rebound.
4:45 of 3rd period - Andrej Nestrasil wins face-off versus Zach Aston-Reese in Eagles zone.
4:52 of 3rd period - Slapshot by Joshua Leivo.
4:52 of 3rd period - Stopped by Marek Mazanek without a rebound.
4:53 of 3rd period - Andrej Nestrasil wins face-off versus Zach Aston-Reese in Eagles zone.
4:58 of 3rd period - Backhand shot by Andrej Nestrasil.
4:58 of 3rd period - Stopped by Marek Mazanek with a rebound.
5:00 of 3rd period - Slapshot by Sami Niku.
5:00 of 3rd period - Stopped by Marek Mazanek without a rebound.
5:01 of 3rd period - Jonathan Marchessault wins face-off versus Dennis Everberg in Eagles zone.
5:13 of 3rd period - Snap shot by Jonathan Marchessault.
5:13 of 3rd period - Shot Misses the Net.
5:50 of 3rd period - Slapshot by Nicolas Petan.
5:50 of 3rd period - Shot Hit the Post.
6:58 of 3rd period - William Lockwood is hit by Drake Caggiula and loses puck.
7:19 of 3rd period - Wrist shot by Dennis Everberg.
7:19 of 3rd period - Goal by Dennis Everberg - Comets : 4 - Eagles : 2.
7:20 of 3rd period - Jonathan Marchessault wins face-off versus Taylor Beck in neutral zone.
7:45 of 3rd period - Oliver Kylington is hit by Drake Caggiula and loses puck.
8:13 of 3rd period - Off-side.
8:14 of 3rd period - Jonathan Marchessault wins face-off versus Nathan Gerbe in neutral zone.
8:31 of 3rd period - Connor Carrick is hit by Dennis Everberg and loses puck.
9:14 of 3rd period - Snap shot by Zach Aston-Reese.
9:14 of 3rd period - Stopped by Alexandar Georgiev with a rebound.
10:31 of 3rd period - Slapshot by William Lockwood.
10:31 of 3rd period - Stopped by Marek Mazanek with a rebound.
10:45 of 3rd period - William Lagesson is hit by Pius Suter and loses puck.
10:58 of 3rd period - William Lagesson is hit by Sam Steel and loses puck.
11:23 of 3rd period - Juuso Riikola is hit by Daniel Carr and loses puck.
12:08 of 3rd period - Snap shot by Axel Holmstrom.
12:08 of 3rd period - Stopped by Marek Mazanek without a rebound.
12:09 of 3rd period - Taylor Beck wins face-off versus Jonathan Marchessault in Eagles zone.
12:25 of 3rd period - Snap shot by Dennis Everberg.
12:25 of 3rd period - Shot Blocked by Ryan Murphy.
12:42 of 3rd period - Wrist shot by Juho Lammikko.
12:42 of 3rd period - Shot Misses the Net.
12:44 of 3rd period - Snap shot by Juho Lammikko.
12:44 of 3rd period - Shot Blocked by Jarred Tinordi.
12:58 of 3rd period - Snap shot by Drake Caggiula.
12:58 of 3rd period - Deflect By Anthony Duclair.
12:58 of 3rd period - Stopped by Alexandar Georgiev with a rebound.
13:26 of 3rd period - Nathan Gerbe is hit by John Ramage and loses puck.
13:42 of 3rd period - Snap shot by Phil Di Giuseppe.
13:42 of 3rd period - Shot Blocked by John Ramage.
14:28 of 3rd period - Jonathan Racine is hit by Mackenzie MacEachern and loses puck.
15:15 of 3rd period - Snap shot by Mackenzie MacEachern.
15:15 of 3rd period - Stopped by Marek Mazanek with a rebound.
15:17 of 3rd period - Backhand shot by William Lockwood.
15:17 of 3rd period - Stopped by Marek Mazanek without a rebound.
15:18 of 3rd period - Jonathan Marchessault wins face-off versus Juho Lammikko in Eagles zone.
15:29 of 3rd period - Slapshot by Juho Lammikko.
15:29 of 3rd period - Goal by Juho Lammikko - Comets : 5 - Eagles : 2.
15:30 of 3rd period - Jonathan Marchessault wins face-off versus Nathan Gerbe in neutral zone.
15:33 of 3rd period - Slapshot by Ryan Murphy.
15:33 of 3rd period - Stopped by Alexandar Georgiev with a rebound.
16:16 of 3rd period - Jarred Tinordi is hit by Phil Di Giuseppe and loses puck.
17:17 of 3rd period - Teemu Pulkkinen is hit by Drake Caggiula and loses puck.
17:36 of 3rd period - Zach Aston-Reese is hit by Phil Di Giuseppe and loses puck.
17:47 of 3rd period - Slapshot by Joseph Blandisi.
17:47 of 3rd period - Stopped by Alexandar Georgiev with a rebound.
18:50 of 3rd period - Teemu Pulkkinen is hit by Matteson Iacopelli and loses puck.
19:00 of 3rd period - Icing by Jarred Tinordi.
19:01 of 3rd period - Nathan Gerbe wins face-off versus Matteson Iacopelli in Eagles zone.
19:12 of 3rd period - Snap shot by Dennis Everberg.
19:12 of 3rd period - Shot Blocked by Jarred Tinordi.
19:32 of 3rd period - Wrist shot by Matteson Iacopelli.
19:32 of 3rd period - Stopped by Alexandar Georgiev with a rebound.
19:38 of 3rd period - Wrist shot by Matteson Iacopelli.
19:38 of 3rd period - Stopped by Alexandar Georgiev with a rebound.
19:40 of 3rd period - Snap shot by Tomas Tatar.
19:40 of 3rd period - Stopped by Alexandar Georgiev without a rebound.
19:41 of 3rd period - Andrej Nestrasil wins face-off versus Jonathan Marchessault in Comets zone.
Goals for this period are 2 for Comets vs 0 for Eagles.
Shots for this period are 11 for Comets vs 10 for Eagles.